 Dungeon Crawl Stone Soup version 0.30-a0-12-gd8047c6341 (webtiles) character file.

Game seed: 1251636447403069516

2674 ytrimaz the Martial Artist (level 10, -1/136 HPs)
             Began as a Meteoran Transmuter on Aug 23, 2022.
             Was an Initiate of Ashenzari.
             Slain by an orc warrior
             ... wielding a +4 vorpal battleaxe
              (2 damage)
             ... on level 6 of the Dungeon.
             The game lasted 00:10:52 (3773 turns).

ytrimaz the Martial Artist (Meteoran Transmuter)    Turns: 3773, Time: 00:10:52

Health: -1/136     AC:  7    Str: 19    XL:     10   Next: 16%
Magic:  15/15      EV: 13    Int: 19    God:    Ashenzari [......]
Gold:   71         SH:  0    Dex: 14    Spells: 6/15 levels left

rFire   . . .      SeeInvis .      - Unarmed
rCold   . . .      Faith    .    (no shield)
rNeg    + . .      Spirit   .    q - +0 steam dragon scales
rPois   .          Reflect  .    (no helmet)
rElec   .          Harm     .    c - +1 cloak
rCorr   .          Rampage  .    (no gloves)
Will    +....                    (no boots)
Stlth   ..........               r - amulet of the acrobat
HPRegen 0.32/turn                e - ring of Ashenzari's Repose {Str+6, Alch, Self} (curse)
MPRegen 0.14/turn                k - ring of positive energy

@: berserking, glowing, very quick
A: sense surroundings 2, otherworldly, glowing, explore regen
a: Renounce Religion, Shatter the Chains


You were on level 6 of the Dungeon.
You worshipped Ashenzari.
Ashenzari was noncommittal.
You visited 2 branches of the dungeon, and saw 8 of its levels.
You also visited: Sewer.

You collected 414 gold pieces.
You spent 343 gold pieces at shops.

Inventory:

Armour
 a - a +0 robe
 c - a +1 cloak (worn)
 q - +0 steam dragon scales (worn)
Jewellery
 e - the cursed ring of Ashenzari's Repose (left hand) {Str+6, Alch, Self}
   (You found it on level 1 of the Dungeon)

   [ring of strength]

   Str:       It affects your strength (+6).
   It has a curse which improves the following skills: Alchemy: Poison Magic and
   Transmutations.
   Introspection: Fighting and Spellcasting.
 k - a ring of positive energy (right hand)
 r - an amulet of the acrobat (around neck)
 z - a ring of positive energy
Wands
 b - a wand of acid (10)
 m - a wand of flame (16)
Scrolls
 d - a scroll of immolation
 l - 6 scrolls of teleportation
 o - 3 scrolls of magic mapping
 u - 4 scrolls of identify
 v - a scroll of enchant weapon
 x - a scroll of enchant armour
 y - a scroll of fog
 A - a scroll of acquirement
Potions
 f - a potion of cancellation {unknown}
 h - a potion of might {unknown}
 i - 2 potions of curing {unknown}
 j - 3 potions of brilliance {unknown}
 n - a potion of mutation {unknown}
 p - a potion of ambrosia {unknown}
 s - a potion of invisibility {unknown}
 t - 2 potions of heal wounds {unknown}


   Skills:
 * Level 9.0(9.4) Fighting
 + Level 3.9 Dodging
 - Level 12.0 Unarmed Combat
 - Level 2.6(3.0) Spellcasting
 - Level 2.4(2.8) Transmutations


You had 6 spell levels left.
You knew the following spells:

 Your Spells              Type           Power      Damage    Failure   Level
a - Beastly Appendage     Tmut           26%        N/A       4%          1
b - Wereblood             Tmut           13%        N/A       7%          2
d - Statue Form           Tmut/Erth      5%         N/A       100%        6

Your spell library contained the following spells:

 Spells                   Type           Power      Damage    Failure   Level
 Sting                    Tmut/Pois      32%        1d4       9%          1
 Apportation              Tloc           4%         N/A       16%         1
 Necrotise                Necr           8%         1d4       16%         1
 Summon Small Mammal      Summ           8%         N/A       16%         1
 Poisonous Vapours        Pois/Air       4%         N/A       22%         2
 Scorch                   Fire           4%         2d5       22%         2
 Spider Form              Tmut/Pois      8%         N/A       26%         3
 Confusing Touch          Hex            2%         N/A       41%         3
 Summon Guardian Golem    Hex/Summ       2%         N/A       41%         3
 Ice Form                 Ice/Tmut       8%         N/A       63%         4
 Petrify                  Tmut/Erth      8%         N/A       63%         4
 Cause Fear               Hex            1%         N/A       83%         4
 Flame Wave               Conj/Fire      2%         2d4       83%         4
 Olgreb's Toxic Radiance  Pois           3%         N/A       83%         4
 Yara's Violent Unravell  Hex/Tmut       4%         3d4       93%         5
 Metabolic Englaciation   Hex/Ice        1%         N/A       99%         5
 Summon Cactus Giant      Summ           1%         N/A       100%        6
 Dragon Form              Tmut           6%         N/A       100%        7
 Enfeeble                 Hex            1%         N/A       100%        7
 Orb of Destruction       Conj           1%         9d5       100%        7
 Spellforged Servitor     Conj/Summ      1%         N/A       100%        7
 Dragon's Call            Summ           1%         N/A       100%        9


Dungeon Overview and Level Annotations

Branches:
Dungeon (7/15) Zot: 755    Temple (1/1) D:5 Zot: 435   Sewer (visited)

Altars:
Ashenzari
Cheibriados
Dithmenos
Elyvilon
Fedhas
Gozag
Hepliaklqana
Kikubaaqudgha
Makhleb
Nemelex Xobeh
Okawaru
Qazlal
Ru
Sif Muna
Trog
Uskayaw
Vehumet
Wu Jian
Xom
Yredelemnul
Zin
The Shining One

Shops:
D:7 ?


Innate Abilities, Weirdness & Mutations

You passively map the area around you.
You are easily found by Zot.
You glow in the dark.
You regain HP and MP as you explore.


Message History

You close the door.
The adder barely misses you.
You closely miss the adder. The adder bites you but does no damage.
You hit the adder but do no damage. The adder bites you.
You punch the adder!
The adder is almost dead.
The adder bites you but does no damage.
You barely miss the adder.
The adder is almost dead.
You recover from your berserk rage.
The adder bites you but does no damage.
You closely miss the adder.
The adder is almost dead.
The adder bites you but does no damage.
You hit the adder.
You kill the adder!
You see here an adder corpse.
Search for what [? for help]? shop You open the door.
An orc warrior is nearby!
Unknown command.
You see here an adder corpse.
You are too injured to fight recklessly!
The orc warrior completely misses you.
You barely miss the orc warrior.
The orc warrior hits you with a +4 vorpal battleaxe!
* * * LOW HITPOINT WARNING * * *
x2 You closely miss the orc warrior.
The orc warrior hits you with a +4 vorpal battleaxe!
* * * LOW HITPOINT WARNING * * *
x2 You punch the orc warrior!
The orc warrior is moderately wounded.
Unknown command.
A red film seems to cover your vision as you go berserk!
You feel yourself moving faster!
You feel mighty! The orc warrior barely misses you.
You punch the orc warrior!
The orc warrior is almost dead.
The orc warrior hits you with a +4 vorpal battleaxe!
* * * LOW HITPOINT WARNING * * *
You die...

####### #####
##########.....######.... , ,,,
.........+.....#....'.... , ,,
.........#.....#....#.... ,,
.........#.....#...<#.... * , ,
#.......#.....#....#....
#######.......#.....#....#.... ,
*.....#........o.....#....#....
.....#......†@#.....#....#.... ,
.....#........#.....#+####.... .
*.....##.......#............[..
.##.....##.......#...............
.........'.......#...........o...
..<.....##########...............
........#......................o.
........#........................
........#....................####


You could see an orc warrior.

Vanquished Creatures
  Pikel (D:6)
  Sigmund (D:5)
  A steam dragon (D:6)
  A water moccasin (D:5)
  Pargi (Sewer)
  2 black bears (D:6)
  An ice beast (D:6)
  A phantom (D:7)
  A bullfrog (D:4)
  2 necrophages
  2 scorpions
  A wight (D:6)
  4 killer bees (D:7)
  2 howler monkeys
  4 hounds
  2 jellies
  2 orc priests
  A gnoll bouda (D:6)
  3 iguanas (D:5)
  An orc wizard (D:5)
  14 gnolls
  10 adders
  5 river rats (D:4)
  A shadow imp (D:5)
  2 white imps (D:7)
  4 worms
  A dart slug (D:3)
  15 orcs
  7 ball pythons
  5 endoplasms
  3 giant cockroaches
  12 goblins
  A hobgoblin (D:2)
  11 jackals
  3 kobolds
  3 quokkas
  2 bats (D:1)
  7 frilled lizards
  5 rats
145 creatures vanquished.

Vanquished Creatures (others)
  An orc wizard (D:5)
1 creature vanquished.

Grand Total: 146 creatures vanquished

Notes
Turn   | Place    | Note
-------+----------+-------------------------------------------
     0 | D:1      | ytrimaz the Meteoran Transmuter began the quest for the
                  | Orb.
     0 | D:1      | Reached XP level 1. HP: 16/16 MP: 5/5
    28 | D:1      | Reached skill level 4 in Unarmed Combat
    28 | D:1      | Reached XP level 2. HP: 10/23 MP: 4/6
   210 | D:1      | Reached XP level 3. HP: 29/29 MP: 6/8
   388 | D:1      | Found a faded altar of an unknown god.
   525 | D:2      | Reached XP level 4. HP: 33/36 MP: 9/9
   589 | D:2      | Reached skill level 5 in Unarmed Combat
   806 | D:2      | Learned a level 2 spell: Wereblood
   812 | D:2      | Learned a level 3 spell: Spider Form
   889 | D:2      | Reached XP level 5. HP: 6/42 MP: 10/10
  1063 | D:3      | Identified a scroll of acquirement
  1063 | D:3      | Acquired a book of Sloth
  1153 | D:3      | Reached skill level 6 in Unarmed Combat
  1463 | D:4      | Reached XP level 6. HP: 47/50 MP: 9/11
  1500 | D:4      | Reached skill level 7 in Unarmed Combat
  1538 | D:4      | Found a radiant altar of Vehumet.
  1879 | D:4      | Reached XP level 7. HP: 56/57 MP: 10/12
  1900 | D:4      | Reached skill level 8 in Unarmed Combat
  2042 | D:4      | Found a glowing drain.
  2070 | Sewer    | Entered a sewer
  2086 | Sewer    | Noticed Pargi
  2093 | Sewer    | Killed Pargi
  2256 | D:5      | Entered Level 5 of the Dungeon
  2293 | D:5      | Reached XP level 8. HP: 52/66 MP: 11/13
  2299 | D:5      | Reached skill level 9 in Unarmed Combat
  2349 | D:5      | Noticed Sigmund
  2359 | D:5      | Killed Sigmund
  2369 | D:5      | Reached skill level 5 in Fighting
  2383 | D:5      | Reached skill level 10 in Unarmed Combat
  2420 | D:5      | Learned a level 6 spell: Statue Form
  2601 | D:5      | Found a staircase to the Ecumenical Temple.
  2667 | Temple   | Entered the Ecumenical Temple
  2791 | Temple   | Became a worshipper of Ashenzari the Shackled
  2872 | D:5      | Gained mutation: You passively map the area around you.
                  | [Meteoran growth]
  2872 | D:5      | Reached XP level 9. HP: 63/74 MP: 14/14
  3049 | D:6      | Reached skill level 11 in Unarmed Combat
  3093 | D:6      | Noticed Pikel
  3105 | D:6      | Killed Pikel
  3106 | D:6      | Reached skill level 12 in Unarmed Combat
  3578 | D:7      | Found Ydeoczua's Magic Scroll Shoppe.
  3581 | D:7      | Reached XP level 10. HP: 85/88 MP: 15/15
  3588 | D:7      | Bought a scroll of magic mapping for 97 gold pieces
  3588 | D:7      | Bought a scroll of enchant weapon for 97 gold pieces
  3588 | D:7      | Bought a scroll of fear for 52 gold pieces
  3588 | D:7      | Bought a scroll of enchant armour for 97 gold pieces
  3773 | D:6      | HP: 1/136 [orc warrior/+4 vorpal battleaxe (12)]
  3773 | D:6      | Slain by an orc warrior

Illustrated notes

Levels and vault maps discovered:
D:1:      saegor_arrival_simple_a, layout_rooms,
          chequers_ecumenical_altar_island
D:2:      layout_basic, minmay_liquid_box, minivault_19, minmay_misc_feat_alley
D:3:      layout_loops_cross
D:4:      layout_loops_corners, vehumet_altar_wand_db, portal_sewer_entry_a
D:5:      layout_basic, minmay_temple_entry_gardened_gates, uniq_sigmund
D:6:      layout_gridville, nrook_mini_backslash, uniq_pikel
D:7:      layout_cave_pools, serial_shops, shop_fountains,
          uniq_crazy_yiuf_cottage, uniq_maggie
Temple:   kilobyte_greek_temple

Skill      XL: |  1  2  3  4  5  6  7  8  9 10 |
---------------+-------------------------------+-----
Unarmed Combat | 4 5 6 7 8 10 12 | 12.0
Fighting       | 2 3 4 5 8 9 |  9.0
Dodging        | 3 |  3.9
Spellcasting   | |  2.6
Transmutations | |  2.4

Action                   |  1- 3 |  4- 6 |  7- 9 | 10-12 || total
-------------------------+-------+-------+-------+-------++-------
Melee: Unarmed           |    50 |   121 |   139 |    45 ||   355
       Kick              |     5 |    23 |    35 |     6 ||    69
       Headbutt          |     2 |     8 |    20 |     2 ||    32
       Punch             |     3 |     4 |     6 |     3 ||    16
 Cast: Beastly Appendage |     8 |    20 |    30 |     3 ||    61
       Wereblood         |       |     1 |     5 |     1 ||     7
Invok: Curse Item        |       |       |       |     1 ||     1
  Use: Scroll            |     2 |     5 |     7 |     1 ||    15
       Potion            |       |     1 |       |     2 ||     3
Armor: Robe              |    22 |    25 |    24 |       ||    71
       Skin              |       |     4 |       |       ||     4
       Steam dragon scal |       |       |     4 |    14 ||    18
Dodge: Dodged            |    43 |    53 |    82 |    38 ||   216

Table legend: (Time is in decaauts)
 A = Elapsed time spent in this place.
 B = Non-inter-level travel time spent in this place.
 C = Inter-level travel time spent in this place.
 D = Time resting spent in this place.
 E = Time spent auto-exploring this place.
 F = Levels seen in this place.
 G = Mean time per level.
                   A        B        C        D        E       F      G
               +--------+--------+--------+--------+--------+-----+--------+
         Total |   3760 |   3539 |    221 |     68 |   1444 |   9 |  417.8 |
       Dungeon |   3444 |   3262 |    182 |     68 |   1263 |   7 |  492.0 |
        Temple |    164 |    125 |     39 |      0 |    113 |   1 |  164.0 |
         Sewer |    151 |    151 |      0 |      0 |     68 |   1 |  151.0 |
               +--------+--------+--------+--------+--------+-----+--------+

Top non-repeatable levels by time:
     D:6: 687 daAuts
     D:4: 665 daAuts
     D:2: 563 daAuts
     D:5: 522 daAuts
     D:3: 462 daAuts
     D:1: 417 daAuts
  Temple: 164 daAuts
   Sewer: 151 daAuts
     D:7: 125 daAuts
